 Dungeon Crawl Stone Soup version 0.29.1-15-g9cfb28693d (webtiles) character file.

Game seed: 3100715465972489282

261 Sanktem7 the Trooper (level 5, -2/50 HPs)
             Began as a Minotaur Fighter on Mar 8, 2023.
             Killed from afar by an orc wizard (8 damage)
             ... with a magic dart
             ... on level 4 of the Dungeon.
             The game lasted 00:03:32 (3379 turns).

Sanktem7 the Trooper (Minotaur Fighter)             Turns: 3379, Time: 00:03:32

Health: -2/50      AC:  8    Str: 22    XL:     5   Next: 96%
Magic:  4/4        EV:  9    Int:  5    God:
Gold:   197        SH:  4    Dex: 10    Spells: 4/4 levels left

rFire   . . .      SeeInvis .   a - +0 war axe {axe}
rCold   . . .      Faith    .   c - +0 buckler
rNeg    . . .      Spirit   .   b - +0 scale mail
rPois   .          Reflect  .   (helmet restricted)
rElec   .          Harm     .   (no cloak)
rCorr   .          Rampage  .   l - +0 pair of gloves
Will    .....                   (no boots)
Stlth   ..........              (no amulet)
HPRegen 0.16/turn               o - ring of flight
MPRegen 0.09/turn               (no ring)

@: flying
A: horns 2, retaliatory headbutt
a: no special abilities


You were on level 4 of the Dungeon.
You visited 1 branch of the dungeon, and saw 4 of its levels.

You collected 197 gold pieces.


Innate Abilities, Weirdness & Mutations

You have a pair of horns on your head.
You reflexively headbutt those who attack you in melee.


   Skills:
 * Level 5.8 Fighting
 * Level 5.1 Axes
 + Level 4.8 Armour
 - Level 3.6 Shields


You had 4 spell levels left.
You didn't know any spells.
Your spell library contained the following spells:

 Spells                   Type           Power      Damage    Failure   Level
 Static Discharge         Conj/Air       0%         3-3/arc   95%         2
 Lightning Bolt           Conj/Air       0%         1d11      100%        5
 Maxwell's Capacitive Co  Air            0%         ∞         100%        8

Inventory:

Hand Weapons
 a - a +0 war axe (weapon) {axe}
Missiles
 g - 67 stones (quivered) {throwing}
 r - 2 throwing nets {=f!fthrowing}
 t - 3 boomerangs {throwing}
 w - 5 poisoned darts {throwing}
Armour
 b - a +0 scale mail (worn)
 c - a +0 buckler (worn)
 l - a +0 pair of gloves (worn)
   (You found it on level 1 of the Dungeon)
Jewellery
 o - a ring of flight (left hand)
   (You found it on level 1 of the Dungeon)
Wands
 y - a wand of roots (6)
   (You found it on level 3 of the Dungeon)
 B - a wand of flame (14)
   (You took it off Natasha on level 3 of the Dungeon)
Scrolls
 h - 4 scrolls of magic mapping {unknown}
 i - 4 scrolls of identify {unknown}
 k - a scroll of butterflies {unknown}
 m - 3 scrolls of amnesia {unknown}
 p - a scroll of acquirement {unknown}
 q - 2 scrolls of teleportation {unknown}
 x - a scroll of blinking {unknown}
Potions
 d - a potion of might
 e - 2 potions of invisibility {unknown}
 f - 6 potions of curing {@q1}
 j - a potion of mutation {unknown}
 n - a potion of heal wounds {unknown}
 s - a potion of attraction {unknown}
 z - a potion of haste {unknown}
 A - a potion of brilliance {unknown}

Dungeon Overview and Level Annotations

Branches:
Dungeon (4/15) Zot: 20565
 Temple: D:4-7

Altars:
Ru
Uskayaw

Shops:
D:1

( #......
#.....
#.....
#.....
##....#
#.....#
#...##
#.)@# #
#.{)#
#.#...##
#.#....#
#......##
#.......##
##........#
#.........#
#.........#


There were no monsters in sight!


Message History

😕 HP[+1]
You now have 49 max hp (+1).
You closely miss the hound. Your headbutt misses the hound.
You closely miss the hobgoblin. The hound bites you but does no damage.
The hound closely misses you. You furiously retaliate!
You headbutt the hound.
You kill the hound!
The hobgoblin hits you but does no damage. 😕 HP[+1]
You now have 50 max hp (+1).
You slash the hobgoblin!
You kill the hobgoblin! 😕 HP[+1]
You hear the slow rusting of a very distant drain.
m - 3 scrolls labelled TATEATR SOWOUD (gained 1)
An orc wizard comes into view. It is wielding a +0 dagger. 😕 HP[+1]
The orc wizard shouts!
The orc wizard casts a spell at you. The puff of flame hits you! 😮 HP[-10]
You take 10 damage, and now have 36/50 hp.
An orc comes into view. It is wielding a +0 falchion.
An orc comes into view. It is wielding a +0 long sword.
The orc shouts!
You hear a shout!
An orc comes into view. It is wielding a +0 mace.
The orc wizard casts a spell at you.
You are confused.
You closely miss the orc wizard. Your headbutt misses the orc wizard.
The orc wizard hits you but does no damage.
The orc wizard hits you with a +0 dagger. 😮 HP[-1]
You take 1 damage, and now have 35/50 hp.
The orc wizard barely misses you.
The orc wizard hits you with a +0 dagger. 😮 HP[-2]
You take 2 damage, and now have 33/50 hp.
You feel less confused.
The orc wizard casts a spell.
The orc wizard flickers and vanishes!
Deactivating autopickup; reactivate with Ctrl-A.
Unknown command.
You hit the orc. x2; The orc hits you with a +0 falchion. 😮 HP[-5]
You take 5 damage, and now have 28/50 hp.
You block the orc's attack. The orc hits you with a +0 falchion.
* * * LOW HITPOINT WARNING * * *
Something hits you but does no damage. The orc hits you with a +0 long sword!
* * * LOW HITPOINT WARNING * * *
😨 HP[-10]
You take 10 damage, and now have 18/50 hp.
The orc attacks as you move away! The orc barely misses you.
The orc attacks as you move away! The orc hits you with a +0 long sword.
* * * LOW HITPOINT WARNING * * *
Something hits you but does no damage. 😱 HP[-6]
You take 6 damage, and now have 12/50 hp.
You barely miss something.
You hit the orc. x2; You block the orc's attack.
The orc hits you with a +0 falchion.
* * * LOW HITPOINT WARNING * * *
You hear some strange, mumbled words.
You are confused. 😱 HP[-2]
You take 2 damage, and now have 10/50 hp.
You're too confused to move!
The orc drinks a potion.
The orc is healed!
The orc hits you but does no damage. Something hits you but does no damage.
You closely miss something. You slash the orc!
You kill the orc!
You hit the orc but do no damage.
You hear some strange, mumbled words.
Something tries to affect you, but you resist.
The orc hits you with a +0 falchion.
* * * LOW HITPOINT WARNING * * *
😱 HP[-3]
You take 3 damage, and now have 7/50 hp.
You miss the orc. You barely miss the orc.
The orc hits you but does no damage. x2
You barely miss the orc. You hit the orc.
You kill the orc!
You closely miss something. The orc hits you but does no damage.
Something hits you but does no damage. 😱 HP[+1]
You hit the orc. You closely miss something. Something hits you.
* * * LOW HITPOINT WARNING * * *
The orc drinks a potion.
The orc is healed! 😱 HP[-2]
You take 2 damage, and now have 6/50 hp.
You barely miss the orc. You closely miss something.
You feel less confused. Something hits you but does no damage.
The orc hits you but does no damage. The orc closely misses you.
You furiously retaliate!
You headbutt the orc. Something hits you but does no damage.
You slash the orc!
You kill the orc!
You hit something but do no damage.
You hear some strange, mumbled words.
A magic dart appears from out of thin air!
The magic dart hits you!
You die...

Skill      XL: |  1  2  3  4  5 |
---------------+----------------+-----
Fighting       | 4 5 |  5.8
Axes           | 3 4 5 |  5.1
Armour         | 4 |  4.8
Shields        | |  3.6

Action                   |  1- 3 |  4- 6 || total
-------------------------+-------+-------++-------
Melee: War axe           |    55 |    90 ||   145
       Headbutt          |    10 |    17 ||    27
Armor: Scale mail        |    28 |    51 ||    79
Dodge: Dodged            |    22 |    35 ||    57
Block: Buckler           |    10 |    21 ||    31

Levels and vault maps discovered:
D:1:      dpeg_arrival_three_same_balls, layout_basic, serial_shops, shop,
          dreamdust_ecumenical_altar_sealed_demon
D:2:      layout_loops_cross, serial_aquarium, aquarium_bridge_straight
          [aquarium_subvault_bridge, aquarium_subvault_window,
          aquarium_subvault_bridge, aquarium_subvault_wall],
          aquarium_window_corner, aquarium_window_corner, aquarium_window_2,
          aquarium_view_2e, aquarium_balcony_1b, uniq_terence
D:3:      corexii_shack_village, layout_loops_ring,
          nicolae_ru_the_path_less_chosen, eat_drink_and_be_merry_uskayaw,
          uniq_natasha
D:4:      layout_cave_pods, gup_sewer_entry_spiral, serial_shops,
          nicolae_shop_window_shopping, gammafunk_ghost_grave

Notes
Turn   | Place    | Note
-------+----------+-------------------------------------------
     0 | D:1      | Sanktem7 the Minotaur Fighter began the quest for the Orb.
     0 | D:1      | Reached XP level 1. HP: 19/19 MP: 0/0
     0 | D:1      | magus.rc [v1.9.6]
   167 | D:1      | Found Qeadari's Weapon Shoppe.
   174 | D:1      | Reached XP level 2. HP: 26/27 MP: 1/1
   180 | D:1      | magus.rc [v1.9.6]
   316 | D:1      | Reached skill level 4 in Fighting
   460 | D:1      | Reached skill level 3 in Axes
   668 | D:1      | Found a faded altar of an unknown god.
   668 | D:1      | Noticed an orange demon
   959 | D:2      | Reached skill level 4 in Armour
   959 | D:2      | Reached XP level 3. HP: 27/33 MP: 2/2
  1240 | D:2      | Reached XP level 4. HP: 40/41 MP: 3/3
  1290 | D:2      | You pick up a book of Lightning and begin reading...
  1290 | D:2      | You add the spells Static Discharge, Lightning Bolt and
                  | Maxwell's Capacitive Coupling to your library.
  1325 | D:2      | Noticed Terence
  1332 | D:2      | Killed Terence
  1333 | D:2      | Reached skill level 4 in Axes
  1903 | D:3      | Reached skill level 5 in Fighting
  2325 | D:3      | Found a hide-covered altar of Uskayaw.
  2440 | D:3      | Reached XP level 5. HP: 45/48 MP: 4/4
  2496 | D:3      | Found a sacrificial altar of Ru.
  2609 | D:3      | Noticed Natasha
  2610 | D:3      | Killed Natasha
  2764 | D:3      | Noticed Natasha
  2776 | D:3      | HP: 11/48 [Natasha/magic dart (6)]
  2777 | D:3      | HP: 4/48 [Natasha/magic dart (7)]
  2778 | D:3      | Killed Natasha
  3013 | D:3      | Noticed Natasha
  3021 | D:3      | Killed Natasha
  3350 | D:4      | Reached skill level 5 in Axes
  3371 | D:4      | HP: 12/50 [orc/+0 long sword (6)]
  3377 | D:4      | HP: 6/50 [something (2)]
  3379 | D:4      | Killed from afar by an orc wizard

Vanquished Creatures
  A hound (D:4)
  Terence (D:2)
  Natasha (thrice) (D:3)
  3 adders
  3 gnolls (D:2)
  A worm (D:2)
  A dart slug (D:2)
  8 orcs
  4 endoplasms
  2 giant cockroaches
  6 hobgoblins
  6 kobolds
  4 quokkas
  5 ball pythons
  6 bats
  2 frilled lizards (D:2)
  7 goblins
  8 rats
71 creatures vanquished.

Table legend:
 A = Non-vault XP
 B = Vault XP
 C = Vault XP percentage of total XP
 D = Non-vault monster count
 E = Vault monster count
 F = Vault count percentage of total count
                 A         B        C        D         E       F
            +---------+---------+-------+---------+---------+-------
      Total |     283 |      94 |  24.9 |      58 |      13 |  18.3
            +---------+---------+-------+---------+---------+-------
        D:1 |      35 |       0 |   0.0 |      24 |       0 |   0.0
        D:2 |      78 |      36 |  31.6 |      15 |       1 |   6.2
        D:3 |     104 |      58 |  35.8 |      13 |      12 |  48.0
        D:4 |      66 |       0 |   0.0 |       6 |       0 |   0.0
            +---------+---------+-------+---------+---------+-------

Illustrated notes

Table legend:
 A = Kills in this place as a percentage of kills in entire the game.
 B = Kills by you in this place as a percentage of kills by you in the entire game.
 C = Kills by friends in this place as a percentage of kills by friends in the entire game.
 D = Other kills in this place as a percentage of other kills in the entire game.
 E = Experience gained in this place as a percentage of experience gained in the entire game.
 F = Experience gained in this place divided by the number of levels of this place that you have seen.
                   A       B       C       D       E      F
               +-------+-------+-------+-------+-------+----------------------
         Total | 100.0 | 100.0 |   N/A |   N/A | 100.0 |  94.2
       Dungeon | 100.0 | 100.0 |   N/A |   N/A | 100.0 |  94.2
               +-------+-------+-------+-------+-------+----------------------

Table legend: (Time is in decaauts)
 A = Elapsed time spent in this place.
 B = Non-inter-level travel time spent in this place.
 C = Inter-level travel time spent in this place.
 D = Time resting spent in this place.
 E = Time spent auto-exploring this place.
 F = Levels seen in this place.
 G = Mean time per level.
                   A        B        C        D        E       F      G
               +--------+--------+--------+--------+--------+-----+--------+
         Total |   3432 |   3320 |    112 |      0 |   2884 |   4 |  858.0 |
       Dungeon |   3432 |   3320 |    112 |      0 |   2884 |   4 |  858.0 |
               +--------+--------+--------+--------+--------+-----+--------+

Top non-repeatable levels by time:
     D:3: 1437 daAuts
     D:2: 982 daAuts
     D:1: 939 daAuts
     D:4: 74 daAuts
